 Dungeon Crawl Stone Soup version 0.20-a0-689-g860b9ab (webtiles) character file.

100 polly the Shield-Bearer (level 4, -2/28 HPs)
             Began as a Gargoyle Fighter on Feb 20, 2017.
             Killed from afar by Sigmund (11 damage)
             ... with a puff of flame
             ... on level 3 of the Dungeon.
             The game lasted 00:01:57 (1100 turns).

polly the Shield-Bearer (Gargoyle Fighter)          Turns: 1100, Time: 00:01:57

Health: -2/28      AC: 15    Str: 25    XL:     4   Next: 73%
Magic:  4/4        EV:  4    Int: 13    God:
Gold:   72         SH: 10    Dex: 10    Spells: 3/3 levels left

rFire    . . .     SeeInvis .   a - +0 flail
rCold    . . .     Gourm    .   k - +0 plate armour
rNeg     + . .     Faith    .   c - +0 shield
rPois    ∞         Spirit   .   (no helmet)
rElec    +         Reflect  .   (no cloak)
rCorr    .         Harm     .   (no gloves)
MR       .....                  (no boots)
Stlth    ..........             (no amulet)
Regen    0.1/turn               (no ring)
MPRegen  0.1/turn               q - ring of flight

@: mighty, brilliant
A: negative energy resistance 1, electricity resistance, unbreathing,
petrification resistance, rot immunity, AC +3
a: Evoke Flight


You were on level 3 of the Dungeon.
You were not hungry.

You visited 1 branch of the dungeon, and saw 3 of its levels.

You collected 72 gold pieces.

Inventory:

Hand Weapons
 a - a +0 flail (weapon)
Armour
 c - a +0 shield (worn)
 k - a +0 plate armour (worn)
Jewellery
 q - a ring of flight (left hand)
Scrolls
 e - 3 scrolls of remove curse {unknown}
 h - 2 scrolls of identify {unknown}
 l - a scroll of noise {unknown}
 m - a scroll of amnesia {unknown}
 n - a scroll of teleportation {unknown}
 r - a scroll of enchant weapon {unknown}
 t - a scroll of fear {unknown}
Potions
 b - 2 potions of agility {unknown}
 d - a potion of might
 j - a potion of mutation {unknown}
 o - a potion of haste {unknown}
Comestibles
 f - 2 bread rations
 i - a meat ration
 p - 3 fruits


   Skills:
 + Level 3.6 Fighting
 + Level 3.4 Maces & Flails
 + Level 3.8 Armour
 + Level 0.1 Dodging
 + Level 4.1 Shields


You had 3 spell levels left.
You didn't know any spells.

Dungeon Overview and Level Annotations

Branches:
Dungeon (3/15)

Altars:

Annotations:
D:3 Sigmund


Innate Abilities, Weirdness & Mutations

You are resistant to torment.
Your stone body is resilient. (AC +3)
You are immune to poison.
You resist negative energy. (rN+)
You are resistant to electric shocks. (rElec)
You can survive without breathing.
You are immune to petrification.
You are immune to rotting.


Message History

The puff of flame hits you!
* * * LOW HITPOINT WARNING * * *
You completely miss something. Something hits you but does no damage.
You miss something. Something hits you but does no damage.
You feel less confused.
A rat comes into view.
Something hits you but does no damage.
You closely miss something. Something hits you.
* * * LOW HITPOINT WARNING * * *
You miss something.
Your shield prevents you from hitting something.
You hear some strange, mumbled words.
Something tries to affect you, but you resist.
Something hits you but does no damage.
You closely miss something. The rat bites you but does no damage.
It was a potion of curing.
You feel better.
You hear some strange, mumbled words.
A puff of flame appears from out of thin air!
The puff of flame hits you!
You die...

### ..# #.# #.# #
#####.###############
#.#...r................
#####.#...@.......##...####
.........{..########.#.###
#####.#...).# ...#...##
#.#.....# ...#####... #
####### #.#. #...## # #
#.#.##.. #....... ######.#
#.#


You could see a rat.

Vanquished Creatures
  Terence (D:2)
  A gnoll (D:1)
  An adder (D:2)
  A worm (D:2)
  4 dart slugs
  4 leopard geckos
  3 bats
  A giant cockroach (D:2)
  5 goblins
  2 hobgoblins (D:1)
  2 quokkas (D:2)
  A ball python (D:2)
  2 frilled lizards (D:2)
  8 kobolds
  5 rats
41 creatures vanquished.

Notes
Turn   | Place    | Note
-------+----------+-------------------------------------------
     0 | D:1      | polly the Gargoyle Fighter began the quest for the Orb.
     0 | D:1      | Reached XP level 1. HP: 14/14 MP: 1/1
    49 | D:1      | Reached XP level 2. HP: 19/19 MP: 2/2
   157 | D:1      | Reached XP level 3. HP: 11/23 MP: 3/3
   740 | D:2      | Reached XP level 4. HP: 26/28 MP: 4/4
   823 | D:2      | Noticed Terence
   847 | D:2      | Killed Terence
   847 | D:2      | Reached skill level 4 in Shields
  1063 | D:3      | Noticed Sigmund
  1100 | D:3      | Killed from afar by Sigmund

Vault maps used:
D:1:      minmay_arrival_arboretum_small, minmay_misc_feat_square,
          minmay_misc_feat_cross
D:2:      first_bread, uniq_terence
D:3:      lemuel_round_altar, uniq_sigmund

Skill      XL: |  1  2  3  4 |
---------------+-------------+-----
Maces & Flails | 3 |  3.4
Shields        | 4 |  4.1
Fighting       | |  3.6
Armour         | |  3.8
Dodging        | |  0.1

Action                   |  1- 3 |  4- 6 || total
-------------------------+-------+-------++-------
Melee: Flail             |   153 |    84 ||   237
  Use: Potion            |       |     3 ||     3
  Eat: Chunk             |       |     1 ||     1
Armor: Scale mail        |    36 |       ||    36
       Plate armour      |    84 |   102 ||   186
Dodge: Dodged            |    49 |     8 ||    57
Block: Shield            |   128 |    55 ||   183
